 Dungeon Sprint DCSS version 0.31-a0-8-gd14b0f4ee2 (webtiles) character file.

Game seed: 8938743839835267647

1509 Conn the Arsonist (level 8, 0/47 HPs)
             Began as an Octopode Fire Elementalist on May 6, 2023.
             Was a Follower of Sif Muna.
             Shot with an arrow by a centaur warrior (21 damage)
             ... in the Dungeon (Sprint I: "Red Sonja").
             The game lasted 00:05:55 (634 turns).

Conn the Arsonist (Octopode Fire Elementalist)       Turns: 634, Time: 00:05:56

Health: 0/47       AC:  3    Str:  8    XL:     8   Next: 83%
Magic:  14/21      EV: 14    Int: 19    God:    Sif Muna [*.....]
Gold:   620        SH:  0    Dex: 12    Spells: 15/25 levels left

rFire   . . .        i - +0 dagger (venom)
rCold   . . .        (no shield)
rNeg    . . .        g - +2 hat
rPois   .            (no amulet)
rElec   .            (no ring)
rCorr   .            (no ring)
SInv    .            (no ring)
Will    .....        (no ring)
Stlth   +++          (no ring)
HPRegen 0.27/turn    (no ring)
MPRegen 0.17/turn    (no ring)
                     (no ring)

%: no teleportation
@: no status effects
A: almost no armour, amphibious, 8 rings, camouflage 1, gelatinous body 1,
(nimble swimmer 1), tentacles
a: Renounce Religion, Channel Magic


You were in the Dungeon.
You worshipped Sif Muna.
Sif Muna was aware of your devotion.
You visited 1 branch You collected 828 gold pieces.
You spent 208 gold pieces at shops.

Inventory:

Hand Weapons
 i - a +0 dagger of venom (weapon)
Missiles
 j - 4 curare-tipped darts (quivered)
Armour
 g - a +2 hat (worn)
Wands
 e - a wand of digging (4)
Scrolls
 f - 2 scrolls of blinking
 k - a scroll of immolation
Potions
 a - 3 potions of magic
 b - 3 potions of curing
 d - a potion of haste
 h - a potion of heal wounds


   Skills:
 + Level 0.6 Fighting
 + Level 1.0 Throwing
 + Level 5.0 Dodging
 - Level 2.6 Stealth
 - Level 1.6 Unarmed Combat
 + Level 9.3 Spellcasting
 * Level 8.9 Conjurations
 + Level 13.2 Fire Magic


You had 15 spell levels left.
You knew the following spells:

 Your Spells              Type           Power      Damage    Failure   Level
a - Foxfire               Conj/Fire      100%       2x1d9     1%          1
b - Scorch                Fire           100%       2d9       1%          2
c - Inner Flame           Hex/Fire       34%        N/A       1%          3
d - Flame Wave            Conj/Fire      50%        2d12      1%          4

Your spell library contained the following spells:

 Spells                   Type           Power      Damage    Failure   Level
 Volatile Blastmotes      Fire/Tloc      68%        2d15      1%          3


Dungeon Overview and Level Annotations

Branches:
Dungeon (1/1)

Altars:
Cheibriados
Dithmenos
Elyvilon
Fedhas
Gozag
Hepliaklqana
Kikubaaqudgha
Nemelex Xobeh
Okawaru
Qazlal
Ru
Sif Muna
Trog
Uskayaw
Vehumet
Wu Jian
Yredelemnul
Zin
The Shining One

Shops:
D ([[


Innate Abilities, Weirdness & Mutations

You cannot wear most types of armour.
You are amphibious.
You can wear up to eight rings at the same time.
Your skin changes colour to match your surroundings (Stealth+).
Your rubbery body absorbs attacks. (AC +1, EV +1)
((You are camouflaged when in or above water. (Stealth+)))
You have tentacles for arms and can constrict up to eight enemies at once.


Message History

The foxfire hits the centaur warrior.
The centaur warrior is burned terribly!
The centaur warrior is heavily wounded.
The foxfire hits the centaur warrior but does no damage.
The centaur warrior is heavily wounded.
A centaur warrior comes into view.
The centaur warrior wields a +0 shortbow.
The centaur warrior shoots an arrow.
The arrow hits you!!
Ouch! That really hurt!
Found a curare-tipped dart.
Unknown command.
Okay, then.
Unknown command.
Unknown command.
Unknown command.
Unknown command.
Casting: Scorch (safe; 1% risk of failure)
Confirm with . or Enter, or press ? or * to list all spells.
You conjure some foxfire!
Press: ? - help, v - describe, . - travel
Here: a centaur warrior, wielding a +0 shortbow (purple smoke, severely wounded, poisoned, slow, more vulnerable to fire, ally target) Some shallow water.
Unknown command.
Unknown command.
Casting: Foxfire (safe; 1% risk of failure)
Confirm with . or Enter, or press ? or * to list all spells.
Aiming: Inner Flame (safe; 1% risk of failure)
Press: ? - help, Dir - move target, f - centaur warrior
Aim: a centaur warrior, wielding a +0 shortbow (purple smoke, severely wounded, poisoned, slow, more vulnerable to fire, ally target, chance to affect: 74%)
The centaur warrior is filled with an inner flame.
The foxfire hits the centaur warrior!
The centaur warrior is burned terribly!
Flame seeps out of the centaur warrior.
The centaur warrior is severely wounded.
The foxfire hits the centaur warrior!
The centaur warrior is burned terribly!
Sif Muna accepts your kill.
You hear a splash.
The centaur warrior explodes!
The centaur warrior is engulfed in a cloud of scalding steam.
The centaur warrior wields a +1 longbow of flaming.
It bursts into flame!
The centaur warrior shoots an arrow.
The arrow hits you!!
You die...

#<.#[.)..#..'..#
#.)'..#..').#..+
#..#####'#####'# ###
#..####..#...#.####$)#
#..#__####..##.#~§§§(#
#..#_____##'#_.+§~§§§+
#⌠⌠#_.∩...'..._# c§§
#.##_..__##_.#'##§###
#..#_____###'#(#@§..###
############.####§###.##
#∩........'..['.....'(∩#
###++++####...##########
###.### #.#'#.# #.....#
#.)...# #######


You could see a centaur warrior.

Vanquished Creatures
  A centaur warrior (D)
  Sonja (D)
  A deep troll (D)
  Sigmund (D)
  A yak (D)
  An ogre (D)
  A jelly (D)
  Ijyb (D)
  2 ballistomycete spores (D)
10 creatures vanquished.

Vanquished Creatures (others)
  19 foxfires (D)
19 creatures vanquished.

Grand Total: 29 creatures vanquished

Notes
Turn   | Place    | Note
-------+----------+-------------------------------------------
     0 | D        | Conn the Octopode Fire Elementalist began the quest for the
                  | Orb.
     0 | D        | Reached XP level 1. HP: 11/11 MP: 3/3
     3 | D        | Noticed Ijyb
    10 | D        | Killed Ijyb
    11 | D        | Reached skill level 5 in Fire Magic
    11 | D        | Reached XP level 2. HP: 11/17 MP: 0/5
    11 | D        | Reached XP level 3. HP: 13/21 MP: 0/7
    84 | D        | Learned a level 2 spell: Scorch
    88 | D        | Learned a level 3 spell: Inner Flame
    92 | D        | Noticed an ogre
    95 | D        | HP: 1/21 [ogre/+0 giant club (20)]
    98 | D        | Killed an ogre
    99 | D        | Reached skill level 1 in Unarmed Combat
    99 | D        | Reached skill level 7 in Fire Magic
    99 | D        | Reached XP level 4. HP: 3/27 MP: 1/9
   213 | D        | Noticed Sigmund
   217 | D        | Killed Sigmund
   218 | D        | Reached skill level 5 in Spellcasting
   218 | D        | Reached skill level 5 in Conjurations
   218 | D        | Reached skill level 9 in Fire Magic
   218 | D        | Reached XP level 5. HP: 32/32 MP: 1/12
   218 | D        | Reached XP level 6. HP: 37/37 MP: 1/13
   317 | D        | Found an ornate altar of the Wu Jian Council.
   317 | D        | Found a shimmering blue altar of Sif Muna.
   319 | D        | Found a radiant altar of Vehumet.
   325 | D        | Became a worshipper of Sif Muna the Loreminder
   362 | D        | Learned a level 4 spell: Flame Wave
   362 | D        | Found Ythutuiz's Armour Emporium.
   362 | D        | Found an ancient bone altar of Kikubaaqudgha.
   362 | D        | Found a hazy altar of Hepliaklqana.
   362 | D        | Found a stormy altar of Qazlal.
   362 | D        | Found a hide-covered altar of Uskayaw.
   362 | D        | Found a blossoming altar of Fedhas.
   362 | D        | Found a bloodstained altar of Trog.
   362 | D        | Found an iron altar of Okawaru.
   362 | D        | Found a basalt altar of Yredelemnul.
   362 | D        | Found a glowing golden altar of the Shining One.
   362 | D        | Found a snail-covered altar of Cheibriados.
   362 | D        | Found a sacrificial altar of Ru.
   362 | D        | Found a glowing silver altar of Zin.
   362 | D        | Found a shadowy altar of Dithmenos.
   362 | D        | Found a white marble altar of Elyvilon.
   362 | D        | Noticed a yak
   370 | D        | Killed a yak
   371 | D        | Reached skill level 10 in Fire Magic
   371 | D        | Reached XP level 7. HP: 42/42 MP: 4/16
   373 | D        | Found an opulent altar of Gozag.
   374 | D        | Found a sparkling altar of Nemelex Xobeh.
   378 | D        | Bought a +2 hat for 208 gold pieces
   448 | D        | Noticed Sonja
   451 | D        | Killed Sonja
   452 | D        | Reached skill level 5 in Dodging
   452 | D        | Reached skill level 12 in Fire Magic
   452 | D        | Reached XP level 8. HP: 47/47 MP: 12/20
   550 | D        | Found Rotor's Weapon Boutique.
   570 | D        | Noticed a deep troll
   580 | D        | Killed a deep troll
   580 | D        | Reached * piety under Sif Muna
   581 | D        | Reached skill level 1 in Throwing
   581 | D        | Reached skill level 13 in Fire Magic
   594 | D        | Found Uqavaole's Armour Emporium.
   629 | D        | Noticed a centaur warrior
   632 | D        | Noticed a centaur warrior
   634 | D        | Killed a centaur warrior
   634 | D        | Shot with an arrow by a centaur warrior

Illustrated notes

Levels and vault maps discovered:
D:        dungeon_sprint_1 [red_sonja_temple_1, red_sonja_temple_small_1]

Skill      XL: |  1  2  3  4  5  6  7  8 |
---------------+-------------------------+-----
Conjurations   | 2 4 5 6 8 |  8.9
Fire Magic     | 5 7 9 10 12 13 | 13.2
Dodging        | 3 4 5 |  5.0
Unarmed Combat | 1 |  1.6
Spellcasting   | 3 5 6 8 9 |  9.3
Throwing       | 1 |  1.0
Fighting       | |  0.6
Stealth        | |  2.6

Action                     |  1- 3 |  4- 6 |  7- 9 || total
---------------------------+-------+-------+-------++-------
  Melee: Unarmed           |     7 |       |       ||     7
         Tentacles         |     4 |       |       ||     4
         Constrict         |     1 |       |       ||     1
         Punch             |     1 |       |       ||     1
  Throw: Dart              |       |       |     4 ||     4
   Cast: Foxfire           |     3 |     2 |     5 ||    10
         Scorch            |     3 |    10 |     8 ||    21
         Inner Flame       |       |       |     1 ||     1
  Evoke: Wand              |     1 |       |       ||     1
    Use: Potion            |     2 |       |       ||     2
         Scroll            |       |       |     1 ||     1
 Armour: Skin              |       |     1 |       ||     1
  Dodge: Dodged            |     2 |     3 |       ||     5

Table legend: (Time is in decaauts)
 A = Elapsed time spent in this place.
 B = Non-inter-level travel time spent in this place.
 C = Inter-level travel time spent in this place.
 D = Time resting spent in this place.
 E = Time spent auto-exploring this place.
 F = Levels seen in this place.
 G = Mean time per level.
                   A        B        C        D        E       F      G
               +--------+--------+--------+--------+--------+-----+--------+
         Total |    640 |    640 |      0 |    330 |      0 |   1 |  640.0 |
       Dungeon |    640 |    640 |      0 |    330 |      0 |   1 |  640.0 |
               +--------+--------+--------+--------+--------+-----+--------+

Top non-repeatable levels by time:
       D: 640 daAuts
